AoeStats
← daddeldida

Arena

508275700Analyzed
4v4 RM · 11d ago on Sep 21, 2026· 33m 7s· 8 players
Game mode
Random Map
Map size
Large (8 player)
Population
200
Speed
Normal
Resources
Standard
Victory
Conquest
Starting age
Dark Age
Ending age
Imperial Age
RankedLock teamsTeams togetherTeam positionsShared explorationLock speedFull tech treeHidden civsTurbo modeCheats
Victory
Defeat
🇩🇪 Britons · Germany
1475
+10
🇩🇪 Cumans · Germany
1405
+13
🇩🇪 Huns · Germany
1334
+16
🇩🇪 Persians · Germany
1294
+18
🇹🇼 Lithuanians · Taiwan
1361
-15
🇵🇱 Portuguese · Poland
1355
-15
🇺🇸 Muisca · United States
1349
-15
🇮🇹 Bengalis · Italy
1282
-12
TwBestShaco
10:01 Feudal Age
10:35 Double-Bit Axe
13:35 Castle Age
11:42 Horse Collar
14:29 Bow Saw
14:21 Heavy Plow
21:42 Wheelbarrow
21:45 Stone Mining
26:15 Hand Cart
29:08 Imperial Age
27:51 Gold Mining
29:16 Scale Barding Armor
29:21 Forging
29:22 Cavalier
30:33 Bloodlines
30:24 Husbandry
31:36 Chain Barding Armor
Pwncakes
10:52 Feudal Age
14:29 Castle Age
12:32 Horse Collar
12:51 Double-Bit Axe
14:46 Gold Mining
18:12 Loom
18:24 Fletching
Spada_Arancio
11:18 Feudal Age
15:47 Castle Age
14:11 Double-Bit Axe
15:05 Horse Collar
17:24 Bow Saw
20:56 Wheelbarrow
antikiller247
10:20 Feudal Age
10:58 Double-Bit Axe
14:17 Castle Age
12:35 Horse Collar
13:14 Loom
14:12 Wheelbarrow
15:40 Bow Saw
18:59 Stone Mining
20:07 Gold Mining
21:28 Heavy Plow
22:10 Town Watch
24:59 Pikeman
26:08 Forging
27:59 Iron Casting
28:52 Scale Mail Armor
31:49 Imperial Age
30:35 Ballistics
32:19 Chain Mail Armor
31:59 Halberdier
daddeldida
10:36 Feudal Age
15:12 Castle Age
14:51 Double-Bit Axe
14:49 Horse Collar
19:00 Loom
21:16 Bloodlines
21:09 Husbandry
24:39 Wheelbarrow
23:57 Gold Mining
24:09 Heavy Plow
25:33 Scale Barding Armor
25:39 Forging
28:26 Chain Barding Armor
28:41 Iron Casting
28:32 Town Watch
33:47 Hand Cart
Mario Hennisch
9:16 Loom
11:35 Feudal Age
12:19 Double-Bit Axe
12:29 Gold Mining
12:22 Horse Collar
20:05 Wheelbarrow
25:12 Castle Age
26:12 Capped Ram
27:31 Hand Cart
27:02 Town Watch
27:45 Bow Saw
28:04 Heavy Plow
28:40 Gold Shaft Mining
28:06 Stone Mining
35:06 Imperial Age
33:58 Ballistics
[PFFFT]Barbie
8:17 Loom
10:57 Feudal Age
11:32 Double-Bit Axe
11:30 Horse Collar
15:30 Scale Barding Armor
15:37 Forging
20:58 Castle Age
20:40 Gold Mining
20:42 Stone Mining
22:46 Bloodlines
22:38 Husbandry
22:02 Light Cavalry
28:24 Wheelbarrow
28:20 Heavy Plow
29:18 Chain Barding Armor
30:18 Marauders
32:04 Hand Cart
Chalix
6:46 Loom
9:13 Feudal Age
9:49 Double-Bit Axe
12:33 Fletching
12:44 Padded Archer Armor
13:30 Horse Collar
18:44 Wheelbarrow
22:05 Castle Age
21:45 Stone Mining
21:45 Gold Mining
22:56 Heavy Plow
23:09 Bow Saw
23:52 Gold Shaft Mining
26:58 Crossbowman
27:34 Bodkin Arrow
27:55 Leather Archer Armor
30:24 Ballistics
35:02 Imperial Age
33:26 Hand Cart
32:56 Town Watch
Connection lost

Rejoining the realm…

Still unreachable

The connection could not be restored.

Session expired

The server has moved on; the page needs a fresh start.